 Dungeon Crawl Stone Soup version 0.19.5 (webtiles) character file.

642 Azzok the Slasher (level 7, -1/57 HPs)
             Began as a Centaur Fighter on June 22, 2017.
             Slain by an ogre
             ... wielding a +0 giant club
              (4 damage)
             ... on level 4 of the Dungeon.
             The game lasted 00:07:28 (3731 turns).

Azzok the Slasher (Centaur Fighter)                 Turns: 3731, Time: 00:07:28

Health: -1/57      AC: 11    Str: 19    XL:     7   Next: 26%
Magic:  0/7        EV:  3    Int:  7    God:
Gold:   200        SH:  8    Dex: 10    Spells: 0 memorised, 6 levels left

rFire  . . .     SeeInvis .     a - +0 long sword
rCold  . . .     Gourm    .     D - +0 chain mail
rNeg   . . .     Faith    .     c - +0 shield
rPois  .         Spirit   +     o - +0 helmet
rElec  .         Reflect  .     (no cloak)
rCorr  .         Harm     .     l - +2 pair of gloves
MR     +....                    (no barding)
Stlth  ..........               H - amulet of guardian spirit
                                (no ring)
                                t - ring of protection from magic

@: very quick
A: hooves 3, deformed body, speed 2, tough skin 3
a: no special abilities


You were on level 4 of the Dungeon.
You were not hungry.

You visited 1 branch of the dungeon, and saw 4 of its levels.
You also visited: Sewer.

You collected 200 gold pieces.

Inventory:

Hand Weapons
 a - a +0 long sword (weapon)
Missiles
 n - 36 arrows
Armour
 c - a +0 shield (worn)
 l - a +2 pair of gloves (worn)
 o - a +0 helmet (worn)
 D - a +0 chain mail (worn)
Jewellery
 t - a ring of protection from magic (left hand)
 H - an amulet of guardian spirit (around neck)
Wands
 k - a wand of paralysis (8/24)
Scrolls
 e - a scroll of immolation {unknown}
 g - 2 scrolls of amnesia {unknown}
 i - a scroll of recharging {unknown}
 j - 4 scrolls of remove curse {unknown}
 p - 4 scrolls of identify {unknown}
 q - 2 scrolls of teleportation {unknown}
 v - a scroll of magic mapping {unknown}
 w - 2 scrolls of blinking {unknown}
 x - 2 scrolls of fog {unknown}
 y - a scroll of enchant armour {unknown}
 F - a scroll of noise {unknown}
Potions
 b - a potion of curing {unknown}
 d - a potion of might
 u - a potion of cancellation {unknown}
 A - 4 potions of heal wounds {unknown}
 B - 2 potions of flight {unknown}
 C - a potion of magic {unknown}
Books
 r - a book of Minor Magic

   Spells                             Type                      Level
   a - Magic Dart                     Conjuration                  1
   b - Blink                          Translocation                2
   c - Call Imp                       Summoning                    2
   d - Repel Missiles                 Charms/Air                   2
   e - Slow                           Hexes                        2
   f - Conjure Flame                  Conjuration/Fire             3
   g - Mephitic Cloud                 Conjuration/Poison/Air       3
Comestibles
 f - 4 bread rations {@e1}
 h - 3 meat rations {@e2}
 m - 2 beef jerkies
 s - a slice of pizza
 z - 6 chunks of flesh {@w0}
 E - 3 fruits
 G - a royal jelly


   Skills:
 - Level 3.0 Fighting
 * Level 7.4 Long Blades
 - Level 2.1 Armour
 - Level 2.1 Shields


You had 6 spell levels left.
You didn't know any spells.

Dungeon Overview and Level Annotations

Branches:
Dungeon (4/15)
 Temple: D:4-7

Altars:
Zin


Innate Abilities, Weirdness & Mutations

You have hooves in place of feet.
Armour fits poorly on your strangely shaped body.
You cover ground very quickly.
You have extremely tough skin. (AC +3)


Message History

The elf zombie is almost destroyed.
The worker ant completely misses you. The ogre hits you with a giant club.
* * * LOW MAGIC WARNING * * *;
* * * LOW HITPOINT WARNING * * *
The frilled lizard bites you but does no damage.
You hit the elf zombie. You kick the elf zombie.
The elf zombie is almost destroyed.
The worker ant bites you but does no damage.
You block the elf zombie's attack.
The frilled lizard bites you but does no damage.
The ogre barely misses you.
You take 5 damage, and have 3/57 hp.
You now have 0/7 mp.
You closely miss the elf zombie. Your kick misses the elf zombie.
The elf zombie is almost destroyed.
You block the worker ant's attack.
The elf zombie hits you but does no damage.
The frilled lizard bites you but does no damage.
The worker ant barely misses you.
You riposte.
Your shield and chain mail prevent you from hitting the worker ant.
The ogre hits you with a giant club.
You die...

·· ▒···········▒·······
··· ▒···········▒·······
···· ▒··)········▒···▒╬╬·
····▒▒···········▒▒▒▒▒·▒·
$················▒▒▒▒▒···
·························
···········O···········)·
·······O▒▒▒▒▒▒▒▒▒········
·······a@Z··▒ ▒········
···)···l▒▒▒╬▒ ▒········
········▒ ▒▒▒O▒▒···
▒▒▒·····▒ ▒······ ▒·····▒
▒▒▒······ ▒·····▒
▒········ ▒·····▒
▒········
▒·····▒▒▒▒▒▒▒▒▒O···▒···
▒··················▒···


You could see an ogre, a worker ant, an elf zombie and a frilled lizard.

Vanquished Creatures
  Menkaure (D:4)
  Duvessa (D:4)
  An ogre (D:4)
  A big kobold (Sewer)
  Dowan (D:4)
  A bullfrog skeleton (D:4)
  Robin (D:3)
  4 adders
  A river rat (Sewer)
  2 oozes (D:1)
  3 worms
  2 dart slugs (D:1)
  5 leopard geckos
  2 ball pythons
  7 giant cockroaches
  22 goblins
  11 hobgoblins
  5 jackals
  6 bats
  3 frilled lizards
  11 kobolds
  A leopard gecko skeleton (D:4)
  13 rats
105 creatures vanquished.

Notes
Turn   | Place    | Note
-------+----------+-------------------------------------------
     0 | D:1      | Azzok the Centaur Fighter began the quest for the Orb.
     0 | D:1      | Reached XP level 1. HP: 19/19 MP: 1/1
   124 | D:1      | Reached skill level 2 in Long Blades
   138 | D:1      | Reached XP level 2. HP: 20/26 MP: 2/2
   340 | D:1      | Reached skill level 3 in Long Blades
   410 | D:1      | Reached XP level 3. HP: 29/31 MP: 3/3
  1198 | D:2      | Found a glowing silver altar of Zin.
  1470 | D:2      | Reached XP level 4. HP: 31/38 MP: 4/4
  1774 | D:2      | Reached skill level 4 in Long Blades
  1991 | D:3      | Found a glowing drain.
  2048 | Sewer    | Entered a sewer
  2208 | Sewer    | Noticed a big kobold
  2233 | Sewer    | Killed a big kobold
  2233 | Sewer    | Reached skill level 5 in Long Blades
  2233 | Sewer    | Reached XP level 5. HP: 29/45 MP: 5/5
  2367 | Sewer    | Found a white marble altar of Elyvilon.
  2496 | D:3      | Noticed Robin
  2524 | D:3      | Killed Robin
  3111 | D:4      | Noticed Duvessa
  3111 | D:4      | Noticed Dowan
  3146 | D:4      | Killed Duvessa
  3146 | D:4      | Reached skill level 6 in Long Blades
  3146 | D:4      | Reached XP level 6. HP: 42/51 MP: 6/6
  3162 | D:4      | Killed Dowan
  3224 | D:4      | Noticed Menkaure
  3233 | D:4      | Killed Menkaure
  3233 | D:4      | Reached skill level 7 in Long Blades
  3233 | D:4      | Reached XP level 7. HP: 21/57 MP: 7/7
  3731 | D:4      | Slain by an ogre

Skill      XL: |  1  2  3  4  5  6 |
---------------+-------------------+-----
Long Blades    | 2 3 5 6 7 |  7.4
Fighting       | |  3.0
Armour         | |  2.1
Shields        | |  2.1

Action                   |  1- 3 |  4- 6 |  7- 9 || total
-------------------------+-------+-------+-------++-------
Melee: Long sword        |   139 |   218 |    34 ||   391
       Kick              |    27 |    43 |    20 ||    90
 Stab: Distracted        |       |     1 |       ||     1
  Eat: Chunk             |     1 |     5 |     2 ||     8
Armor: Scale mail        |    89 |   144 |       ||   233
       Chain mail        |       |    46 |    24 ||    70
Dodge: Dodged            |    36 |    37 |    11 ||    84
Block: Shield            |    69 |   114 |    23 ||   206
       Rpst.: Long sword |    11 |    10 |     6 ||    27
